 Dungeon Sprint DCSS version 0.30-a0-34-gbe8da3892a (webtiles) character file.

Game seed: 10099290120890485266

38446 mhtbhm the Metallomancer (level 13, -3/68 HPs)
             Began as a Gargoyle Earth Elementalist on Aug 27, 2022.
             Was the Champion of Vehumet.
             Slain by a dire elephant (6 damage)
             ... in the Dungeon (Sprint III: "The Ten Rune Challenge").
             The game lasted 00:13:15 (4140 turns).

mhtbhm the Metallomancer (GrEE)                     Turns: 4140, Time: 00:13:17

Health: -3/68      AC: 13    Str: 12    XL:     13   Next: 19%
Magic:  1/37       EV: 14    Int: 24    God:    Vehumet [******]
Gold:   1992       SH:  4    Dex: 13    Spells: 24/52 levels left

rFire   + . .      SeeInvis .    i - staff of earth
rCold   + . .      Faith    .    (no shield)
rNeg    + . .      Spirit   .    a - +2 robe {Archmagi}
rPois   ∞          Reflect  .    (no helmet)
rElec   +          Harm     .    (no cloak)
rCorr   .          Rampage  .    (no gloves)
Will    .....      Archmagi +    (no boots)
Stlth   +++....... Rage     3%   p - amulet of the acrobat
HPRegen 0.21/turn  NoTele   +    s - ring of the Lily {rC+ Dex+4}
MPRegen 0.25/turn                u - ring of Dishonesty {rPois rF+}

@: no status effects
A: sickness immunity, AC +9, negative energy resistance 1, electricity
resistance, torment resistance 1, petrification resistance, large bone plates 1,
berserk 1, clever 1
}: 1/10 runes: serpentine
a: Renounce Religion


You were in the Dungeon.
You worshipped Vehumet.
Vehumet was exalted by your worship.
You visited 1 branch You collected 2044 gold pieces.
You spent 52 gold pieces at shops.

Inventory:

Armour
 a - a +2 robe of the Archmagi (worn)
 v - a +1 robe of cold resistance
Magical Staves
 i - a staff of earth (weapon)
Jewellery
 g - a ring of ice
 k - a ring of resist corrosion
 p - an amulet of the acrobat (around neck)
 s - the ring of the Lily (left hand) {rC+ Dex+4}
   (You found it in the Dungeon)

   [ring of protection from cold]

   Dex:       It affects your dexterity (+4).
   rC:        It protects you from cold.
 u - the ring of Dishonesty (right hand) {rPois rF+}
   (You took it off a deep elf annihilator in the Dungeon)

   [ring of protection from fire]

   rF:        It protects you from fire.
   rPois:     It protects you from poison.
Wands
 d - a wand of flame (5)
 q - a wand of polymorph (6)
Scrolls
 e - 4 scrolls of amnesia
 j - a scroll of torment
 l - a scroll of silence
Potions
 b - 2 potions of magic
 f - a potion of berserk rage
 h - a potion of brilliance
 n - 3 potions of mutation
Miscellaneous
 o - a box of beasts
 t - a tin of tremorstones (2/2)


   Skills:
 + Level 2.5 Fighting
 + Level 5.3 Dodging
 + Level 6.5 Stealth
 + Level 2.5 Shields
 + Level 20.1 Spellcasting
 + Level 12.4 Conjurations
 + Level 3.0 Transmutations
 + Level 25.3 Earth Magic
 + Level 1.4 Evocations


You had 24 spell levels left.
You knew the following spells:

 Your Spells              Type           Power      Damage    Failure   Level
a - Sandblast             Erth           100%       2d20      0%          1
b - Passwall              Tmut/Erth      98%        N/A       0%          2
c - Stone Arrow           Conj/Erth      100%       3d13      0%          3
d - Petrify               Tmut/Erth      100%       N/A       1%          4
e - Iron Shot             Conj/Erth      65%        9d12      1%          6
f - Lee's Rapid Deconstr  Erth           72%        3d34*     0%          5
g - Spellforged Servitor  Conj/Summ      34%        N/A       30%         7

Your spell library contained the following spells:

 Spells                   Type           Power      Damage    Failure   Level
 Lehudib's Crystal Spear  Conj/Erth      65%        10d15     1%          8
 Freeze                   Ice            100%       1d11      1%          1
 Frozen Ramparts          Ice            72%        1d11      1%          3
 Inner Flame              Hex/Fire       36%        N/A       1%          3
 Fulminant Prism          Conj/Hex       34%        3d16      1%          4
 Hailstorm                Conj/Ice       69%        3d14      1%          4
 Iskenderun's Mystic Bla  Conj/Tloc      69%        2d14      1%          4
 Leda's Liquefaction      Hex/Erth       56%        N/A       1%          4
 Iskenderun's Battlesphe  Conj           90%        2d14      1%          5
 Call Imp                 Summ           36%        N/A       2%          2
 Gell's Gravitas          Tloc           36%        N/A       5%          3
 Ozocubu's Armour         Ice            36%        N/A       5%          3
 Metabolic Englaciation   Hex/Ice        18%        N/A       45%         5
 Simulacrum               Ice/Necr       18%        N/A       96%         6
 Malign Gateway           Summ/Tloc      18%        N/A       100%        7
 Necromutation            Tmut/Necr      23%        N/A       100%        8
 Summon Horrible Things   Summ           18%        N/A       100%        8
 Death's Door             Necr           18%        N/A       100%        9


Dungeon Overview and Level Annotations

Branches:
Dungeon (1/1)

Altars:
Cheibriados
Dithmenos
Elyvilon
Fedhas
Gozag
Hepliaklqana
Kikubaaqudgha
Makhleb
Nemelex Xobeh
Okawaru
Qazlal
Ru
Sif Muna
Trog
Uskayaw
Vehumet
Wu Jian
Xom
Yredelemnul
Zin
The Shining One
Jiyva
Lugonu

Shops:
D :(??


Innate Abilities, Weirdness & Mutations

You are immune to sickness and miasma.
Your stone body is resilient. (AC +9)
You are immune to poison.
You resist negative energy. (rN+)
You are resistant to electric shocks. (rElec)
You are resistant to unholy torment.
You are immune to petrification.
You are partially covered in large bone plates. (SH +4)
You sometimes lose your temper in combat.
Your mind is acute. (Int +4, Str/Dex -1)


Message History

Unknown command.
Casting: Petrify (safe; 1% risk of failure)
Confirm with . or Enter, or press ? or * to list all spells.
Okay, then.
Casting: Petrify (safe; 1% risk of failure)
Confirm with . or Enter, or press ? or * to list all spells.
Aiming: Lee's Rapid Deconstruction (safe; 0% risk of failure)
Press: ? - help, Dir - move target, f - you
Okay, then.
Casting: Lee's Rapid Deconstruction (safe; 0% risk of failure)
Confirm with . or Enter, or press ? or * to list all spells.
Okay, then.
Casting: Lee's Rapid Deconstruction (safe; 0% risk of failure)
Confirm with . or Enter, or press ? or * to list all spells.
Aiming: Iron Shot (safe; 1% risk of failure)
Press: ? - help, Shift-Dir - straight line, f - dire elephant
Aim: a dire elephant (lightly wounded, 100% to hit)
You feel a strong surge of power!
The iron shot hits the dire elephant!!!
The dire elephant is severely wounded.
The dire elephant tramples you but does no damage.
The dire elephant closely misses you.
Casting: Iron Shot (safe; 1% risk of failure)
Confirm with . or Enter, or press ? or * to list all spells.
Aiming: Iron Shot (safe; 1% risk of failure)
Press: ? - help, Shift-Dir - straight line, f/p - dire elephant
Aim: a dire elephant (severely wounded, 100% to hit)
You feel a strong surge of power!
The iron shot hits the dire elephant!!!
You kill the dire elephant!
Vehumet accepts your kill.
You feel your power returning.
Your Spellcasting skill increases to level 20!
Casting: Iron Shot (safe; 1% risk of failure)
Confirm with . or Enter, or press ? or * to list all spells.
Aiming: Iron Shot (safe; 1% risk of failure)
Press: ? - help, Shift-Dir - straight line, f - dire elephant
Aim: a dire elephant (thin mist, water, 100% to hit)
You feel a strong surge of power!
The iron shot hits the dire elephant!!!
The dire elephant is severely wounded.
The dire elephant tramples you.
You die...

##..##....#......#)###__#
#..###..##.#.....#...#__#
#..# #.. ####....#___#__'
▓▓▓▓▓▓▓▓▓▓▓▓▓▓▓▓▓▓▓▓▓▓▓▓▓
▓.[.'~≈§§§§§~~♣♣.....♣♣♣♣
▓...#†≈§§§§§§~♣♣.≈≈≈≈'♣♣'
▓.. #≈~§§§§§≈~~†.....#.~♣
▓. #≈≈§Y§§§§~♣♣♣♣♣♣♣#..♣
▓ #≈≈≈@≈~~~≈♣ ###'
####+###### ♣♣♣♣. ♣...#
♣♣.## ♣..# ♣♣.# ♣♣.# ♣...
####


You could see a dire elephant.

Vanquished Creatures
  A deep elf blademaster (D)
  Gastronok (D)
  A nagaraja (D)
  2 deep elf demonologists (D)
  A dire elephant (D)
  2 deep elf annihilators (D)
  A deep elf death mage (D)
  A deep elf high priest (D)
  2 hydras (D)
  Erolcha (D)
  3 anacondas (D)
  A naga warrior (D)
  2 orc high priests (D)
  Urug (D)
  2 deep elf knights (D)
  A death drake (D)
  A lindwurm (D)
  An orc knight (D)
  2 deep elf zephyrmancers (D)
  2 deep elf pyromancers (D)
  2 elephants (D)
  A guardian serpent (D)
  2 cane toads (D)
  A rime drake (D)
  A komodo dragon (D)
  3 wandering mushrooms (D)
  2 tyrant leeches (D)
  5 blink frogs (D)
  A shadow (D)
  5 redbacks (D)
  2 nagas (D)
  6 water moccasins (D)
  A spatial vortex (D)
  2 orc warriors (D)
  A swamp drake (D)
  5 two-headed ogres (D)
  A necrophage (D)
  A water elemental (D)
  An electric eel (D)
  A jelly (D)
  2 orc priests (D)
  A wizard (D)
  Jessica (D)
  A necromancer (D)
  2 orc wizards (D)
  A kobold demonologist (D)
  3 humans (D)
  5 adders (D)
  A phantom (D)
  8 orcs (D)
  An endoplasm (D)
  2 rats (D)
101 creatures vanquished.

Vanquished Creatures (collateral kills)
  An orc (D)
1 creature vanquished.

Vanquished Creatures (others)
  5 plants (D)
5 creatures vanquished.

Grand Total: 107 creatures vanquished

Notes
Turn   | Place    | Note
-------+----------+-------------------------------------------
     0 | D        | mhtbhm the Gargoyle Earth Elementalist began the quest for
                  | the Orb.
     0 | D        | Reached XP level 1. HP: 10/10 MP: 3/3
    11 | D        | Reached skill level 4 in Earth Magic
    53 | D        | Noticed Jessica
    56 | D        | Killed Jessica
    57 | D        | Reached skill level 6 in Earth Magic
    57 | D        | Reached XP level 2. HP: 15/15 MP: 2/6
    57 | D        | Reached XP level 3. HP: 19/19 MP: 2/8
   197 | D        | Learned a level 2 spell: Passwall
   201 | D        | Learned a level 3 spell: Stone Arrow
   213 | D        | Reached skill level 7 in Earth Magic
   294 | D        | Gained mutation: You sometimes lose your temper in combat.
                  | [potion of mutation]
   294 | D        | Gained mutation: Your mind is acute. (Int +4, Str/Dex -1)
                  | [potion of mutation]
   294 | D        | Gained mutation: You are partially covered in large bone
                  | plates. (SH +4) [potion of mutation]
   300 | D        | Noticed a water elemental
   302 | D        | Killed a water elemental
   303 | D        | Reached skill level 1 in Transmutations
   303 | D        | Reached skill level 8 in Earth Magic
   303 | D        | Reached XP level 4. HP: 24/24 MP: 4/10
   356 | D        | Learned a level 4 spell: Petrify
   361 | D        | Found a radiant altar of Vehumet.
   361 | D        | Found a shimmering blue altar of Sif Muna.
   361 | D        | Found an ancient bone altar of Kikubaaqudgha.
   361 | D        | Noticed a wizard
   363 | D        | Killed a wizard
   364 | D        | Reached skill level 5 in Spellcasting
   364 | D        | Reached skill level 9 in Earth Magic
   364 | D        | Reached XP level 5. HP: 28/28 MP: 9/12
   364 | D        | Noticed a rust devil
   375 | D        | Became a worshipper of Vehumet
   412 | D        | Found a basalt altar of Yredelemnul.
   412 | D        | Found a shadowy altar of Dithmenos.
   412 | D        | Found a sacrificial altar of Ru.
   416 | D        | Reached skill level 10 in Earth Magic
   417 | D        | Reached skill level 11 in Earth Magic
   417 | D        | Reached XP level 6. HP: 31/32 MP: 5/15
   490 | D        | Found a glowing silver altar of Zin.
   490 | D        | Found a glowing golden altar of the Shining One.
   490 | D        | Found a white marble altar of Elyvilon.
   490 | D        | Noticed a deep elf pyromancer
   494 | D        | Killed a deep elf pyromancer
   494 | D        | Reached * piety under Vehumet
   494 | D        | Offered knowledge of Magic Dart by Vehumet.
   495 | D        | Reached skill level 5 in Stealth
   495 | D        | Reached skill level 13 in Earth Magic
   495 | D        | Reached XP level 7. HP: 21/36 MP: 5/19
   626 | D        | Found a hide-covered altar of Uskayaw.
   626 | D        | Found an iron altar of Okawaru.
   626 | D        | Found a bloodstained altar of Trog.
   626 | D        | Found an ornate altar of the Wu Jian Council.
   626 | D        | Noticed a human
   626 | D        | Noticed a human
   643 | D        | Killed a human
   644 | D        | Reached skill level 14 in Earth Magic
   646 | D        | Killed a human
   647 | D        | Reached XP level 8. HP: 20/41 MP: 1/21
   815 | D        | Noticed a shadow
   817 | D        | Killed a shadow
   817 | D        | Reached ** piety under Vehumet
   817 | D        | Offered knowledge of Searing Ray by Vehumet.
   818 | D        | Reached skill level 10 in Spellcasting
   818 | D        | Reached skill level 15 in Earth Magic
   876 | D        | Found a blossoming altar of Fedhas.
   876 | D        | Found a stormy altar of Qazlal.
   876 | D        | Found a snail-covered altar of Cheibriados.
   876 | D        | Found a burning altar of Makhleb.
   876 | D        | Found a shimmering altar of Xom.
   877 | D        | Found a hazy altar of Hepliaklqana.
   877 | D        | Found an opulent altar of Gozag.
   877 | D        | Found a sparkling altar of Nemelex Xobeh.
   877 | D        | Found a corrupted altar of Lugonu.
   877 | D        | Found a viscous altar of Jiyva.
   967 | D        | Offered knowledge of Scorch by Vehumet.
   969 | D        | Reached *** piety under Vehumet
  1066 | D        | Noticed a two-headed ogre
  1071 | D        | Killed a two-headed ogre
  1072 | D        | Reached skill level 1 in Fighting
  1072 | D        | Reached skill level 16 in Earth Magic
  1072 | D        | Reached XP level 9. HP: 37/47 MP: 11/24
  1146 | D        | Noticed Erolcha
  1146 | D        | Noticed a two-headed ogre
  1149 | D        | Killed Erolcha
  1149 | D        | Offered knowledge of Airstrike by Vehumet.
  1150 | D        | Reached skill level 1 in Shields
  1150 | D        | Reached skill level 5 in Conjurations
  1156 | D        | Killed a two-headed ogre
  1156 | D        | Reached **** piety under Vehumet
  1157 | D        | Reached skill level 17 in Earth Magic
  1282 | D        | Offered knowledge of Yara's Violent Unravelling by Vehumet.
  1368 | D        | Noticed a wandering mushroom
  1372 | D        | Noticed a wandering mushroom
  1375 | D        | Killed a wandering mushroom
  1376 | D        | Noticed a wandering mushroom
  1383 | D        | Killed a wandering mushroom
  1384 | D        | Reached XP level 10. HP: 52/52 MP: 16/26
  1388 | D        | Reached ***** piety under Vehumet
  1389 | D        | Reached skill level 18 in Earth Magic
  1591 | D        | Noticed a cane toad
  1591 | D        | Noticed a cane toad
  1625 | D        | Killed a cane toad
  1625 | D        | Offered knowledge of Iron Shot by Vehumet.
  1644 | D        | Learned a level 6 spell: Iron Shot
  1646 | D        | Killed a cane toad
  1904 | D        | Reached skill level 19 in Earth Magic
  1988 | D        | Noticed a lindwurm
  1990 | D        | Killed a lindwurm
  1990 | D        | Offered knowledge of Lee's Rapid Deconstruction by Vehumet.
  1991 | D        | Reached skill level 10 in Conjurations
  2148 | D        | Noticed Urug
  2155 | D        | Killed Urug
  2386 | D        | Noticed a four-headed hydra
  2386 | D        | Noticed a four-headed hydra
  2390 | D        | Reached XP level 11. HP: 57/57 MP: 22/29
  2397 | D        | Learned a level 5 spell: Lee's Rapid Deconstruction
  2399 | D        | Killed a four-headed hydra
  2421 | D        | Killed a four-headed hydra
  2422 | D        | Reached skill level 15 in Spellcasting
  2422 | D        | Reached skill level 20 in Earth Magic
  2555 | D        | Noticed a death drake
  2557 | D        | Killed a death drake
  2681 | D        | Noticed an anaconda
  2683 | D        | Killed an anaconda
  2684 | D        | Noticed an anaconda
  2687 | D        | Killed an anaconda
  2687 | D        | Offered knowledge of Eringya's Noxious Bog by Vehumet.
  2697 | D        | Noticed an anaconda
  2897 | D        | Killed an anaconda
  2898 | D        | Reached skill level 21 in Earth Magic
  2956 | D        | Reached ****** piety under Vehumet
  2956 | D        | Offered knowledge of Spellforged Servitor by Vehumet.
  2965 | D        | Learned a level 7 spell: Spellforged Servitor
  3054 | D        | Noticed a nagaraja
  3054 | D        | Noticed a naga warrior
  3060 | D        | Killed a naga warrior
  3061 | D        | Reached skill level 5 in Dodging
  3062 | D        | Killed a nagaraja
  3181 | D        | Found Feidast's Book Shop.
  3181 | D        | Found Jaufynn's Antique Weapon Shoppe.
  3183 | D        | Found Ydduruad's Magic Scroll Boutique.
  3204 | D        | Got a serpentine rune of Zot
  3349 | D        | Noticed an orc knight
  3352 | D        | Offered knowledge of Starburst by Vehumet.
  3354 | D        | Killed an orc knight
  3355 | D        | Reached skill level 22 in Earth Magic
  3355 | D        | Reached XP level 12. HP: 63/63 MP: 18/32
  3356 | D        | Noticed an orc high priest
  3356 | D        | Noticed an orc high priest
  3357 | D        | Killed an orc high priest
  3358 | D        | Killed an orc high priest
  3373 | D        | Found Epun's Magic Scroll Shop.
  3506 | D        | Noticed a deep elf knight
  3506 | D        | Noticed a deep elf knight
  3519 | D        | Killed a deep elf knight
  3520 | D        | Killed a deep elf knight
  3520 | D        | Offered knowledge of Ozocubu's Refrigeration by Vehumet.
  3521 | D        | Reached skill level 23 in Earth Magic
  3609 | D        | Noticed a deep elf demonologist
  3613 | D        | Noticed a deep elf annihilator
  3615 | D        | Killed a deep elf demonologist
  3615 | D        | Noticed a deep elf high priest
  3616 | D        | Reached skill level 1 in Evocations
  3617 | D        | Killed a deep elf high priest
  3617 | D        | Killed a deep elf annihilator
  3618 | D        | Noticed a deep elf blademaster
  3620 | D        | Noticed a deep elf demonologist
  3621 | D        | Killed a deep elf demonologist
  3622 | D        | Reached skill level 24 in Earth Magic
  3625 | D        | Killed a deep elf blademaster
  3631 | D        | Identified the ring of Dishonesty {rPois rF+}
  3631 | D        | Noticed a deep elf annihilator
  3832 | D        | Killed a deep elf annihilator
  3843 | D        | Noticed a deep elf death mage
  3846 | D        | Killed a deep elf death mage
  3853 | D        | Got the Folio of Vexing Black Rites
  3854 | D        | Identified the +0 robe of Indomitability {Dex+6}
  3856 | D        | Got the Writings on Companions and Wicked Arts
  3856 | D        | Got the Encyclopedia of the Alluring Voyage
  3859 | D        | Identified the ring of the Lily {rC+ Dex+4}
  3973 | D        | Bought a scroll of identify for 26 gold pieces
  3973 | D        | Bought a scroll of identify for 26 gold pieces
  4049 | D        | Offered knowledge of Lehudib's Crystal Spear by Vehumet.
  4050 | D        | Reached XP level 13. HP: 68/68 MP: 29/36
  4112 | D        | Noticed a dire elephant
  4112 | D        | Noticed a dire elephant
  4116 | D        | Noticed Gastronok
  4134 | D        | Killed Gastronok
  4135 | D        | Reached skill level 25 in Earth Magic
  4135 | D        | HP: 3/68 [dire elephant (21)]
  4139 | D        | Killed a dire elephant
  4140 | D        | Slain by a dire elephant

Illustrated notes

Levels and vault maps discovered:
D:        dungeon_sprint_mu [sprint_mu_entry_cave, sprint_mu_temple_rooms,
          sprint_mu_d1_spiders, sprint_mu_d2_genie, sprint_mu_d3_branching,
          sprint_mu_orc_legion, sprint_mu_elf_gauntlet, sprint_mu_hive_nellie,
          sprint_mu_lair_fedhas, sprint_mu_vaults_butterflies,
          sprint_mu_slime_circle, sprint_mu_swamp_cave, sprint_mu_snake_twists,
          sprint_mu_blade_basic, sprint_mu_crypt_chambers,
          sprint_mu_tomb_spiral, sprint_mu_vestibule_basic,
          sprint_mu_gehenna_hellfire, sprint_mu_dis_giant,
          sprint_mu_tartarus_statrot, sprint_mu_cocytus_islands, sprint_mu_zot1]

Skill      XL: |  1  2  3  4  5  6  7  8  9 10 11 12 13 |
---------------+----------------------------------------+-----
Earth Magic    | 6 8 9 11 13 14 16 17 19 22 24 25 | 25.3
Dodging        | 2 3 4 5 |  5.3
Spellcasting   | 3 4 5 6 8 9 11 12 14 16 19 20 | 20.1
Stealth        | 3 4 5 6 |  6.5
Transmutations | 1 2 3 |  3.0
Conjurations   | 2 3 4 7 10 12 | 12.4
Fighting       | 1 2 |  2.5
Shields        | 1 2 |  2.5
Evocations     | 1 |  1.4

Action                   |  1- 3 |  4- 6 |  7- 9 | 10-12 | 13-15 || total
-------------------------+-------+-------+-------+-------+-------++-------
Melee: Club              |       |       |       |     2 |       ||     2
 Cast: Sandblast         |    10 |     5 |    12 |    18 |       ||    45
       Stone Arrow       |     2 |     5 |    33 |    10 |       ||    50
       Petrify           |       |       |     2 |     3 |       ||     5
       Iron Shot         |       |       |       |    38 |     7 ||    45
       Lee's Rapid Decon |       |       |       |    36 |     5 ||    41
Evoke: Box of beasts     |       |       |       |     2 |       ||     2
       Wand              |       |       |       |     1 |       ||     1
  Use: Potion            |     2 |     1 |     1 |     4 |     1 ||     9
       Scroll            |       |       |     1 |     5 |       ||     6
Armor: Robe              |       |       |     2 |    10 |     6 ||    18
Dodge: Dodged            |     2 |     2 |    12 |    26 |     6 ||    48
Block: Other             |       |       |     1 |     7 |       ||     8

Table legend: (Time is in decaauts)
 A = Elapsed time spent in this place.
 B = Non-inter-level travel time spent in this place.
 C = Inter-level travel time spent in this place.
 D = Time resting spent in this place.
 E = Time spent auto-exploring this place.
 F = Levels seen in this place.
 G = Mean time per level.
                   A        B        C        D        E       F      G
               +--------+--------+--------+--------+--------+-----+--------+
         Total |   4174 |   4129 |     45 |   2870 |     54 |   1 | 4174.0 |
       Dungeon |   4174 |   4129 |     45 |   2870 |     54 |   1 | 4174.0 |
               +--------+--------+--------+--------+--------+-----+--------+

Top non-repeatable levels by time:
       D: 4174 daAuts
